[ AOE2 MATCH · #505480311 ]
UnrankedIncas vs Hindustanis
Player's team · LOSS
[ REPLAY ANALYSIS · EXTRACTED FROM THE RECORDED GAME ]
Feudal
10:54
Castle
24:49
Imperial
—
| APM avg | 81.4 |
| APM peak | 116 |
| eAPM avg | 39.6 |
| Villagers / military | 52 / 2 |
Focus
⚔️ 52.7% · 🌾 47.3%
Unknown (2550) ×44 · Spearman ×2
Feudal
8:26
Castle
21:53
Imperial
—
| APM avg | 51.0 |
| APM peak | 74 |
| eAPM avg | 26.8 |
| Villagers / military | 56 / 47 |
Focus
⚔️ 38.4% · 🌾 61.6%
Cavalry Archer ×25 · Archer ×11 · Scout Cavalry ×11
Match map
Initial resources + every placement click. Lines = walls · curves = elevation contours. ◆ gold · ⬟ stone · ● berries · ✦ relic · ◌ wall gap
Your base· ✓ Closed at 24:49 · 110t walls · 1 gate(s)
elbanovic's base· Open — opponent sealed themselves in
Smoothed initial terrain · ◌ = detected wall gap · hover for details
Inputs per minute
— 2Darling - - elbanovic
Build order — 2Darling
First 150 of 200 actions detected
| 0:23 | Queue | Villager (Male) |
| 0:24 | Queue | Villager (Male) |
| 0:24 | Queue | Villager (Male) |
| 0:24 | Queue | Villager (Male) |
| 0:25 | Build | House |
| 0:27 | Build | House |
| 1:37 | Queue | Villager (Male) |
| 2:14 | Queue | Villager (Male) |
| 2:41 | Queue | Villager (Male) |
| 2:41 | Queue | Villager (Male) |
| 3:08 | Build | Barracks |
| 3:15 | Queue | Villager (Male) |
| 3:42 | Queue | Villager (Male) |
| 4:03 | Queue | Villager (Male) |
| 4:17 | Queue | Unit 2550 |
| 4:32 | Queue | Villager (Male) |
| 4:45 | Queue | Villager (Male) |
| 4:55 | Queue | Unit 2550 |
| 5:18 | Queue | Villager (Male) |
| 5:54 | Queue | Villager (Male) |
| 5:54 | Queue | Villager (Male) |
| 5:55 | Queue | Villager (Male) |
| 5:59 | Build | Settlement |
| 6:55 | Queue | Villager (Male) |
| 6:55 | Queue | Villager (Male) |
| 7:49 | Research | Loom |
| 8:14 | Build | Settlement |
| 8:44 | Research | Feudal Age |
| 8:44 | Research | Feudal Age |
| 8:58 | Build | Outpost |
| 9:16 | Build | Settlement |
| 9:47 | Queue | Villager (Male) |
| 9:49 | Build | Palisade Wall |
| 9:51 | Build | Palisade Wall |
| 9:54 | Build | Palisade Wall |
| 9:55 | Build | Palisade Wall |
| 9:56 | Build | Palisade Wall |
| 10:07 | Build | Palisade Wall |
| 10:08 | Build | Palisade Wall |
| 10:09 | Build | Palisade Wall |
| 10:10 | Build | Palisade Wall |
| 10:10 | Build | Palisade Wall |
| 10:12 | Build | Palisade Wall |
| 10:13 | Build | Palisade Wall |
| 10:14 | Build | Palisade Wall |
| 10:15 | Build | Palisade Wall |
| 10:22 | Build | Palisade Wall |
| 10:23 | Build | Palisade Wall |
| 10:24 | Build | Palisade Wall |
| 10:25 | Queue | Unit 2550 |
| 10:27 | Build | Farm |
| 10:29 | Build | Palisade Wall |
| 10:33 | Build | Palisade Wall |
| 10:48 | Queue | Unit 2550 |
| 10:54 | Age | Feudal Age |
| 11:00 | Research | Tech 1402 |
| 11:02 | Queue | Villager (Male) |
| 11:02 | Queue | Villager (Male) |
| 11:10 | Build | Farm |
| 11:11 | Build | Farm |
| 11:13 | Research | Double-Bit Axe |
| 11:13 | Research | Double-Bit Axe |
| 11:41 | Queue | Unit 2550 |
| 11:46 | Build | Farm |
| 11:57 | Queue | Unit 2550 |
| 12:01 | Build | Farm |
| 12:12 | Build | Farm |
| 12:12 | Queue | Villager (Male) |
| 12:19 | Build | Farm |
| 12:23 | Build | Palisade Wall |
| 12:27 | Build | Palisade Wall |
| 12:29 | Build | Palisade Wall |
| 12:30 | Queue | Spearman |
| 12:39 | Queue | Villager (Male) |
| 12:41 | Build | Farm |
| 12:44 | Build | Farm |
| 12:52 | Queue | Spearman |
| 13:04 | Queue | Villager (Male) |
| 13:05 | Build | Farm |
| 13:11 | Queue | Villager (Male) |
| 13:11 | Queue | Villager (Male) |
| 13:26 | Queue | Unit 2550 |
| 13:33 | Queue | Unit 2550 |
| 13:45 | Build | Settlement |
| 13:59 | Build | Palisade Wall |
| 14:06 | Queue | Villager (Male) |
| 14:06 | Queue | Villager (Male) |
| 14:15 | Queue | Unit 2550 |
| 14:25 | Queue | Villager (Male) |
| 14:43 | Queue | Villager (Male) |
| 14:43 | Queue | Villager (Male) |
| 14:48 | Queue | Unit 2550 |
| 14:52 | Build | Archery Range |
| 15:03 | Build | Palisade Wall |
| 15:10 | Queue | Villager (Male) |
| 15:18 | Build | Barracks |
| 15:23 | Build | Palisade Wall |
| 15:23 | Queue | Villager (Male) |
| 15:30 | Build | Palisade Wall |
| 15:38 | Build | Farm |
| 15:43 | Build | Palisade Wall |
| 15:47 | Queue | Unit 2550 |
| 15:47 | Queue | Unit 2550 |
| 15:47 | Queue | Unit 2550 |
| 15:48 | Queue | Unit 2550 |
| 16:00 | Build | House |
| 16:01 | Build | Palisade Wall |
| 16:09 | Queue | Unit 2550 |
| 16:09 | Queue | Unit 2550 |
| 16:17 | Build | Palisade Gate |
| 16:23 | Build | House |
| 16:25 | Queue | Unit 2550 |
| 16:26 | Queue | Unit 2550 |
| 16:30 | Build | House |
| 16:31 | Build | Palisade Wall |
| 16:38 | Build | Farm |
| 16:43 | Build | Farm |
| 16:44 | Queue | Unit 2550 |
| 16:44 | Queue | Unit 2550 |
| 16:45 | Queue | Unit 2550 |
| 16:52 | Build | Farm |
| 17:01 | Queue | Villager (Male) |
| 17:01 | Queue | Villager (Male) |
| 17:04 | Build | House |
| 17:05 | Build | Palisade Wall |
| 17:14 | Build | Farm |
| 17:21 | Queue | Unit 2550 |
| 17:21 | Queue | Unit 2550 |
| 17:30 | Build | House |
| 17:41 | Queue | Villager (Male) |
| 17:47 | Queue | Villager (Male) |
| 17:52 | Build | Blacksmith |
| 17:52 | Queue | Villager (Male) |
| 18:01 | Build | House |
| 18:03 | Build | Palisade Wall |
| 18:05 | Build | Palisade Wall |
| 18:13 | Queue | Unit 2550 |
| 18:13 | Queue | Unit 2550 |
| 18:23 | Queue | Unit 2550 |
| 18:39 | Research | Scale Mail Armor |
| 18:43 | Build | Palisade Wall |
| 18:47 | Queue | Unit 2550 |
| 18:49 | Queue | Villager (Male) |
| 18:49 | Queue | Villager (Male) |
| 18:52 | Build | Farm |
| 18:58 | Build | Farm |
| 19:23 | Queue | Unit 2550 |
| 19:23 | Queue | Unit 2550 |
| 19:27 | Queue | Villager (Male) |
| 19:27 | Queue | Villager (Male) |
Build order — elbanovic
First 150 of 200 actions detected
| 0:00 | Queue | Villager (Male) |
| 0:01 | Queue | Villager (Male) |
| 0:01 | Queue | Villager (Male) |
| 0:01 | Queue | Villager (Male) |
| 0:01 | Queue | Villager (Male) |
| 0:02 | Build | House |
| 0:03 | Build | House |
| 1:04 | Queue | Villager (Male) |
| 1:45 | Queue | Villager (Male) |
| 1:48 | Build | Lumber Camp |
| 2:25 | Queue | Villager (Male) |
| 2:26 | Queue | Villager (Male) |
| 2:37 | Build | House |
| 3:03 | Queue | Villager (Male) |
| 3:05 | Queue | Villager (Male) |
| 4:04 | Queue | Villager (Male) |
| 4:07 | Queue | Villager (Male) |
| 4:35 | Queue | Villager (Male) |
| 4:39 | Build | Mill |
| 4:47 | Queue | Villager (Male) |
| 4:55 | Research | Loom |
| 5:25 | Build | Palisade Wall |
| 5:26 | Build | Palisade Wall |
| 5:38 | Build | Palisade Wall |
| 5:41 | Build | Palisade Wall |
| 6:15 | Research | Feudal Age |
| 6:15 | Research | Feudal Age |
| 6:15 | Research | Feudal Age |
| 6:44 | Queue | Villager (Male) |
| 7:02 | Build | Barracks |
| 7:13 | Build | House |
| 7:24 | Build | Palisade Wall |
| 7:25 | Build | Palisade Wall |
| 7:26 | Build | Palisade Wall |
| 7:27 | Build | Palisade Wall |
| 7:28 | Build | Palisade Wall |
| 7:40 | Queue | Villager (Male) |
| 8:09 | Build | Palisade Wall |
| 8:26 | Age | Feudal Age |
| 8:27 | Build | Stable |
| 8:37 | Research | Double-Bit Axe |
| 8:46 | Build | Palisade Wall |
| 8:55 | Build | Palisade Wall |
| 8:57 | Build | Palisade Wall |
| 8:58 | Build | Palisade Wall |
| 8:59 | Queue | Villager (Male) |
| 9:13 | Queue | Scout Cavalry |
| 9:13 | Queue | Scout Cavalry |
| 9:17 | Queue | Villager (Male) |
| 9:22 | Research | Horse Collar |
| 9:36 | Queue | Villager (Male) |
| 9:41 | Build | Farm |
| 9:43 | Build | House |
| 9:55 | Build | Farm |
| 10:03 | Queue | Scout Cavalry |
| 10:13 | Build | Palisade Wall |
| 10:17 | Build | Farm |
| 10:22 | Queue | Villager (Male) |
| 10:30 | Build | Farm |
| 10:38 | Queue | Scout Cavalry |
| 10:45 | Build | Farm |
| 10:57 | Queue | Villager (Male) |
| 11:05 | Build | Farm |
| 11:12 | Build | House |
| 11:16 | Queue | Villager (Male) |
| 11:33 | Build | Farm |
| 11:34 | Queue | Scout Cavalry |
| 11:54 | Queue | Villager (Male) |
| 12:00 | Queue | Scout Cavalry |
| 12:08 | Queue | Villager (Male) |
| 12:24 | Build | Archery Range |
| 12:25 | Queue | Villager (Male) |
| 12:35 | Build | House |
| 12:39 | Queue | Scout Cavalry |
| 12:56 | Build | Farm |
| 13:01 | Build | Mining Camp |
| 13:09 | Queue | Villager (Male) |
| 13:26 | Queue | Villager (Male) |
| 13:28 | Build | Farm |
| 13:32 | Queue | Archer |
| 13:35 | Build | Farm |
| 13:51 | Queue | Villager (Male) |
| 13:54 | Queue | Scout Cavalry |
| 14:07 | Queue | Scout Cavalry |
| 14:18 | Build | Farm |
| 14:19 | Build | House |
| 14:20 | Build | Farm |
| 14:24 | Queue | Archer |
| 14:28 | Build | House |
| 14:39 | Queue | Villager (Male) |
| 14:47 | Queue | Scout Cavalry |
| 14:51 | Build | Blacksmith |
| 14:52 | Build | House |
| 15:01 | Queue | Villager (Male) |
| 15:10 | Build | Palisade Gate |
| 15:14 | Build | Palisade Wall |
| 15:15 | Build | Palisade Wall |
| 15:16 | Queue | Villager (Male) |
| 15:18 | Build | Farm |
| 15:21 | Queue | Archer |
| 15:39 | Build | Palisade Wall |
| 15:41 | Research | Fletching |
| 15:41 | Queue | Archer |
| 15:52 | Queue | Villager (Male) |
| 16:04 | Queue | Villager (Male) |
| 16:14 | Queue | Villager (Male) |
| 16:27 | Queue | Villager (Male) |
| 16:28 | Queue | Archer |
| 16:29 | Build | House |
| 16:31 | Build | House |
| 16:34 | Queue | Villager (Male) |
| 16:43 | Queue | Archer |
| 16:50 | Queue | Villager (Male) |
| 16:52 | Build | Farm |
| 16:58 | Queue | Villager (Male) |
| 17:02 | Build | Farm |
| 17:14 | Build | Farm |
| 17:26 | Queue | Archer |
| 17:31 | Queue | Scout Cavalry |
| 17:34 | Queue | Villager (Male) |
| 17:38 | Queue | Villager (Male) |
| 17:50 | Queue | Villager (Male) |
| 17:55 | Queue | Archer |
| 18:03 | Build | Market |
| 18:10 | Queue | Villager (Male) |
| 18:56 | Build | House |
| 19:13 | Research | Castle Age |
| 19:16 | Queue | Archer |
| 19:21 | Queue | Archer |
| 19:29 | Research | Gold Mining |
| 19:29 | Research | Gold Mining |
| 19:34 | Build | Palisade Wall |
| 19:36 | Queue | Archer |
| 20:10 | Build | Archery Range |
| 20:29 | Build | Palisade Wall |
| 20:35 | Research | Bloodlines |
| 20:41 | Queue | Villager (Male) |
| 20:44 | Build | Lumber Camp |
| 20:52 | Research | Padded Archer Armor |
| 21:01 | Build | Palisade Gate |
| 21:53 | Age | Castle Age |
| 21:54 | Build | House |
| 21:55 | Build | Town Center |
| 21:57 | Research | Bodkin Arrow |
| 21:58 | Research | Crossbowman (upgrade) |
| 22:00 | Build | House |
| 22:02 | Build | Palisade Wall |
| 22:03 | Build | Palisade Wall |
| 22:04 | Build | Palisade Wall |
| 22:05 | Build | Palisade Wall |
Match timeline
| 3:08 | 2Darling · first_building Barracks |
| 5:25 | elbanovic · wall_segment Palisade Wall x1 |
| 5:26 | elbanovic · wall_segment Palisade Wall x1 |
| 5:38 | elbanovic · wall_segment Palisade Wall x1 |
| 5:41 | elbanovic · wall_segment Palisade Wall x1 |
| 7:02 | elbanovic · first_building Barracks |
| 7:24 | elbanovic · wall_segment Palisade Wall x1 |
| 7:25 | elbanovic · wall_segment Palisade Wall x1 |
| 7:26 | elbanovic · wall_segment Palisade Wall x1 |
| 7:27 | elbanovic · wall_segment Palisade Wall x1 |
| 7:28 | elbanovic · wall_segment Palisade Wall x1 |
| 8:09 | elbanovic · wall_segment Palisade Wall x1 |
| 8:26 | elbanovic · age_up feudal |
| 8:27 | elbanovic · first_building Stable |
| 8:46 | elbanovic · wall_segment Palisade Wall x1 |
| 8:55 | elbanovic · wall_segment Palisade Wall x1 |
| 8:57 | elbanovic · wall_segment Palisade Wall x1 |
| 8:58 | elbanovic · wall_segment Palisade Wall x1 |
| 9:49 | 2Darling · wall_segment Palisade Wall x3 |
| 9:51 | 2Darling · wall_segment Palisade Wall x3 |
| 9:54 | 2Darling · wall_segment Palisade Wall x2 |
| 9:55 | 2Darling · wall_segment Palisade Wall x1 |
| 9:56 | 2Darling · wall_segment Palisade Wall x4 |
| 10:07 | 2Darling · wall_segment Palisade Wall x1 |
| 10:08 | 2Darling · wall_segment Palisade Wall x1 |
| 10:09 | 2Darling · wall_segment Palisade Wall x1 |
| 10:10 | 2Darling · wall_segment Palisade Wall x1 |
| 10:10 | 2Darling · wall_segment Palisade Wall x1 |
| 10:12 | 2Darling · wall_segment Palisade Wall x1 |
| 10:13 | 2Darling · wall_segment Palisade Wall x1 |
| 10:13 | elbanovic · wall_segment Palisade Wall x1 |
| 10:14 | 2Darling · wall_segment Palisade Wall x1 |
| 10:15 | 2Darling · wall_segment Palisade Wall x1 |
| 10:22 | 2Darling · wall_segment Palisade Wall x1 |
| 10:23 | 2Darling · wall_segment Palisade Wall x1 |
| 10:24 | 2Darling · wall_segment Palisade Wall x1 |
| 10:29 | 2Darling · wall_segment Palisade Wall x1 |
| 10:33 | 2Darling · wall_segment Palisade Wall x1 |
| 10:54 | 2Darling · age_up feudal |
| 12:23 | 2Darling · wall_segment Palisade Wall x1 |
| 12:24 | elbanovic · first_building Archery Range |
| 12:27 | 2Darling · wall_segment Palisade Wall x1 |
| 12:29 | 2Darling · wall_segment Palisade Wall x1 |
| 13:59 | 2Darling · wall_segment Palisade Wall x1 |
| 14:52 | 2Darling · first_building Archery Range |
| 15:03 | 2Darling · wall_segment Palisade Wall x8 |
| 15:14 | elbanovic · wall_segment Palisade Wall x1 |
| 15:15 | elbanovic · wall_segment Palisade Wall x15 |
| 15:23 | 2Darling · wall_segment Palisade Wall x1 |
| 15:30 | 2Darling · wall_segment Palisade Wall x6 |
| 15:39 | elbanovic · wall_segment Palisade Wall x5 |
| 15:43 | 2Darling · wall_segment Palisade Wall x11 |
| 16:01 | 2Darling · wall_segment Palisade Wall x1 |
| 16:31 | 2Darling · wall_segment Palisade Wall x1 |
| 17:05 | 2Darling · wall_segment Palisade Wall x8 |
| 18:03 | 2Darling · wall_segment Palisade Wall x7 |
| 18:05 | 2Darling · wall_segment Palisade Wall x22 |
| 18:43 | 2Darling · wall_segment Palisade Wall x6 |
| 19:11 | elbanovic · first_market_sell 100 wood |
| 19:11 | elbanovic · first_market_buy 100 food |
| 19:34 | elbanovic · wall_segment Palisade Wall x14 |
| 20:29 | elbanovic · wall_segment Palisade Wall x6 |
| 21:53 | elbanovic · age_up castle |
| 22:02 | elbanovic · wall_segment Palisade Wall x1 |
| 22:03 | elbanovic · wall_segment Palisade Wall x1 |
| 22:04 | elbanovic · wall_segment Palisade Wall x1 |
| 22:05 | elbanovic · wall_segment Palisade Wall x1 |
| 22:06 | elbanovic · wall_segment Palisade Wall x1 |
| 22:08 | 2Darling · first_market_buy 100 food |
| 22:08 | elbanovic · wall_segment Palisade Wall x1 |
| 22:22 | 2Darling · wall_segment Stone Wall x5 |
| 22:40 | 2Darling · first_market_sell 100 food |
| 22:58 | 2Darling · wall_segment Stone Wall x5 |
| 23:03 | elbanovic · wall_segment Palisade Wall x1 |
| 23:27 | 2Darling · wall_segment Palisade Wall x1 |
| 24:49 | 2Darling · age_up castle |
| 26:00 | elbanovic · wall_segment Palisade Wall x1 |
| 26:02 | elbanovic · wall_segment Palisade Wall x1 |
| 26:15 | 2Darling · first_building Siege Workshop |
| 26:19 | 2Darling · resign |
[ AI ANALYSIS · 1 CREDIT ]
What really happened in this match?
Wolo.gg analyzes every decision: build order, eco, micro, common mistakes by bracket. Personalized analysis on WhatsApp or Discord in 30 seconds.
Civ guide
Incas
Perfil
Jugador #15529711